 Dungeon Crawl Stone Soup version 0.23.2-40-g277498a001 (webtiles) character file.

Game seed: 13098925443895338524

4293 MalarOregon the Geomancer (level 10, -6/50 HPs)
             Began as a Gargoyle Earth Elementalist on Aug 29, 2019.
             Was an Elder of Vehumet.
             Mangled by an orc knight
             ... wielding a +0 halberd
              (8 damage)
             ... in a bailey.
             The game lasted 00:21:43 (9849 turns).

MalarOregon the Geomancer (GrEE)                    Turns: 9849, Time: 00:21:44

Health: -6/50      AC: 16    Str: 12    XL:     10   Next: 32%
Magic:  19/28      EV: 12    Int: 26    God:    Vehumet [****..]
Gold:   158        SH:  4    Dex:  8    Spells: 6/21 levels left

rFire    . . .     SeeInvis .   a - +3 dagger (venom)
rCold    . . .     Gourm    .   A - +0 buckler
rNeg     + . .     Faith    .   y - +0 leather armour (curse)
rPois    ∞         Spirit   .   (helmet restricted)
rElec    +         Reflect  .   (no cloak)
rCorr    .         Harm     .   E - +2 pair of gloves
MR       .....                  B - +0 pair of boots
Stlth    +.........             (no amulet)
HPRegen  0.16/turn              F - ring of magical power
MPRegen  0.21/turn              (no ring)

@: brilliant
A: antennae 1, clever 1, clumsy 1, negative energy resistance 1, shaggy fur 1,
electricity resistance, unbreathing, petrification resistance, rot immunity, AC
+7
a: Renounce Religion


You were in a bailey.
You worshipped Vehumet.
Vehumet was greatly pleased with you.
You were not hungry.

You visited 1 branch of the dungeon, and saw 8 of its levels.
You also visited: Bailey.

You collected 338 gold pieces.
You spent 180 gold pieces at shops.

Inventory:

Hand Weapons
 a - a +3 dagger of venom (weapon)
   (You took it off a kobold on level 3 of the Dungeon)
Missiles
 j - 128 stones (quivered)
Armour
 r - a +0 shield
   (You found it on level 3 of the Dungeon)
 y - a cursed +0 leather armour (worn)
   (You found it on level 5 of the Dungeon)
 A - a +0 buckler (worn)
   (You took it off an orc wizard on level 7 of the Dungeon)
 B - a +0 pair of boots (worn)
   (You found it on level 6 of the Dungeon)
 D - a +0 helmet
   (You found it on level 6 of the Dungeon)
 E - a +2 pair of gloves (worn)
   (You bought it in a shop on level 6 of the Dungeon)
 J - a +0 scale mail
   (You took it off an orc on level 5 of the Dungeon)
Jewellery
 v - an uncursed amulet of the gourmand {unknown}
   (You found it on level 4 of the Dungeon)
 F - a ring of magical power (left hand)
   (You found it on level 7 of the Dungeon)
Wands
 c - a wand of disintegration (19)
   (You found it on level 7 of the Dungeon)
 t - a wand of flame (8)
   (You took it off Ijyb on level 3 of the Dungeon)
Scrolls
 b - 3 scrolls of teleportation {@r4}
 d - 8 scrolls of identify {@r1}
 f - a scroll of remove curse {@r2}
 q - 2 scrolls of enchant weapon
Potions
 g - 2 potions of agility {unknown}
 h - 4 potions of magic {unknown}
 i - 4 potions of resistance
 k - a potion of lignification {unknown}
 m - 3 potions of berserk rage {unknown}
 n - a potion of curing {unknown}
 o - 2 potions of brilliance
 p - a potion of heal wounds {unknown}
 s - a potion of mutation {!q}
 u - a potion of degeneration {unknown}
 x - 2 potions of haste {unknown}
 z - 3 potions of might {unknown}
Miscellaneous
 H - a phial of floods
   (You found it on level 7 of the Dungeon)
Comestibles
 e - 20 rations {!d}
 I - 5 chunks of flesh


   Skills:
 - Level 4.0 Armour
 - Level 4.0 Dodging
 - Level 2.3 Stealth
 + Level 5.0 Shields
 - Level 6.0 Spellcasting
 * Level 8.2 Conjurations
 - Level 0.7 Transmutations
 * Level 10.0 Earth Magic


You had 6 spell levels left.
You knew the following spells:

 Your Spells              Type           Power        Failure   Level  Hunger
a - Sandblast             Erth           ######       1%          1    None
b - Lee's Rapid Deconstr  Erth           ######....   1%          5    #####..
c - Petrify               Tmut/Erth      ######..     1%          4    ###....
q - Passwall              Tmut/Erth      ######..     1%          2    None
x - Stone Arrow           Conj/Erth      ######       1%          3    None

Your spell library contained the following spells:

 Spells                   Type           Power        Failure   Level  Hunger
 Fulminant Prism          Conj/Hex       #####.....   1%          4    ###....
 Infusion                 Chrm           ###.         1%          1    None
 Summon Small Mammal      Summ           ###.         1%          1    None
 Call Imp                 Summ           ###.....     1%          2    None
 Shroud of Golubria       Chrm/Tloc      ###.......   1%          2    None
 Song of Slaying          Chrm           ###.....     1%          2    None
 Call Canine Familiar     Summ           ###.....     3%          3    None
 Regeneration             Chrm/Necr      ###.......   3%          3    None
 Spectral Weapon          Hex/Chrm       ###.....     3%          3    None
 Summon Guardian Golem    Hex/Summ       ###.....     3%          3    None
 Summon Ice Beast         Ice/Summ       ###.....     10%         4    ###....
 Summon Lightning Spire   Summ/Air       ###.....     10%         4    ###....


Dungeon Overview and Level Annotations

Branches:
Dungeon (8/15)             Temple (0/1) D:5
   Lair: D:8-11

Altars:
Cheibriados
Dithmenos
Fedhas
Okawaru
Ru
Uskayaw
Vehumet
Xom
Zin
The Shining One

Shops:
D:6 [[[


Innate Abilities, Weirdness & Mutations

You are resistant to torment.
Your stone body is resilient. (AC +7)
You are immune to poison.
You resist negative energy. (rN+)
You are resistant to electric shocks. (rElec)
You can survive without breathing.
You are immune to petrification.
You are immune to rotting.
You have a pair of small antennae on your head.
Your mind is acute. (Int +2)
You are clumsy. (Dex -2)
You are covered in fur. (AC +1)


Message History

You hear the faint creaking of a portcullis.
You see here a spear.
Your magical contamination has completely faded away.
There is a flagged portal here.
The world spins around you as you enter the gateway.
You enter a bailey!
An orc, 3 orc warriors and 2 orc knights come into view.
The orc warrior shouts!
The orc shouts!
You hear a shout!
The orc warrior shouts!
Found two gates leading back out of this place.
There is an empty arch of ancient stone here.
The orc warrior shoots a bolt.
The bolt hits you but does no damage.
You hear a shout!
There is a gate leading back out of this place here.
You see here a bolt.
The orc warrior shoots a bolt.
You block the bolt.
The orc knight roars a battlecry!
The orc warrior shoots a bolt.
The bolt barely misses you.
You hear a shout! x3
The orc warrior shoots a bolt.
The bolt barely misses you.
The orc warrior shoots a bolt.
The bolt hits you!
An orc warrior comes into view. It is wielding a +0 arbalest.
You hear a shout!
Aim: an orc warrior, wielding a +0 arbalest and wearing a +0 chain mail (unusually strong)
The stone arrow misses the orc warrior.
The orc warrior shoots a bolt.
The bolt barely misses you.
Aim: an orc warrior, wielding a +0 arbalest and wearing a +0 chain mail (unusually strong)
The stone arrow hits the orc knight!
The orc warrior shoots a bolt.
You block the bolt.
You hear a shout! x2
Aim: an orc warrior, wielding a +0 arbalest and wearing a +0 chain mail (unusually strong)
Okay, then.
Okay, then.
Aim: an orc warrior, wielding a +0 arbalest and wearing a +0 chain mail (unusually strong)
The stone arrow hits the orc knight!
The orc knight hits you from afar with a +0 halberd!
The orc warrior shoots a bolt.
The bolt hits you!
* * * LOW HITPOINT WARNING * * *
Okay, then.
It was a potion of mutation.
You feel extremely strange.
You feel clever.
You feel clumsy. Fur sprouts all over your body.
A pair of antennae grows on your head!
Your +0 helmet falls away!
The orc knight hits you from afar with a +0 halberd!
* * * LOW HITPOINT WARNING * * *
The orc warrior shoots a bolt.
The bolt barely misses you.
It was a potion of brilliance.
You feel clever all of a sudden.
The orc knight hits you from afar with a +0 halberd!
You die...

### ##@## #.∩.#
#oo.# .......
o≈.......≈o
≈o≈≈.......≈≈o≈
≈≈≈..#...#..≈≈≈
....##...##..o.
#### ##∩## ####


You could see an orc knight and 2 orc warriors.

Vanquished Creatures
  A two-headed ogre (D:7)
  2 hippogriffs
  A slime creature (D:6)
  Sigmund (D:3)
  An orc warrior (D:3)
  A sky beast (D:5)
  2 ice beasts (D:7)
  A black bear (D:7)
  A phantom (D:4)
  2 centaurs
  2 ogres (D:7)
  A bullfrog (D:6)
  A water moccasin zombie (D:7)
  3 scorpions
  A howler monkey (D:6)
  2 crimson imps
  A centaur zombie (D:5)
  2 quasits (D:7)
  A bullfrog zombie (D:5)
  7 orc priests
  6 hounds
  8 jellies
  10 orc wizards
  Ijyb (D:3)
  2 iguanas
  4 worker ants
  A howler monkey zombie (D:8)
  A howler monkey skeleton (D:7)
  2 gnolls
  18 adders
  A shadow imp (D:5)
  10 oozes (D:6)
  An adder zombie (D:7)
  2 adder skeletons
  2 worms
  5 dart slugs
  12 leopard geckos
  29 orcs
  6 ball pythons
  7 giant cockroaches
  6 goblins
  11 hobgoblins
  7 jackals
  7 kobolds
  5 quokkas
  A ball python skeleton (D:4)
  9 bats
  4 frilled lizards
  A leopard gecko skeleton (D:5)
  A quokka skeleton (D:7)
  8 rats
222 creatures vanquished.

Vanquished Creatures (others)
  5 dream sheep (D:4)
  6 fungi (D:6)
11 creatures vanquished.

Grand Total: 233 creatures vanquished

Notes
Turn   | Place    | Note
-------+----------+-------------------------------------------
     0 | D:1      | MalarOregon the Gargoyle Earth Elementalist began the quest
                  | for the Orb.
     0 | D:1      | Reached XP level 1. HP: 10/10 MP: 3/3
   190 | D:1      | Reached XP level 2. HP: 15/15 MP: 1/5
   194 | D:1      | Learned a level 2 spell: Passwall
   398 | D:1      | Reached skill level 4 in Earth Magic
   613 | D:1      | Reached XP level 3. HP: 19/19 MP: 3/6
   676 | D:1      | Learned a level 3 spell: Stone Arrow
  1043 | D:2      | Reached skill level 1 in Armour
  1393 | D:2      | Reached XP level 4. HP: 24/24 MP: 3/7
  1484 | D:1      | Reached skill level 1 in Conjurations
  2190 | D:2      | Found a glowing silver altar of Zin.
  2305 | D:3      | Reached XP level 5. HP: 25/28 MP: 0/8
  2393 | D:3      | Noticed Ijyb
  2393 | D:3      | Noticed an orc warrior
  2416 | D:3      | Found a radiant altar of Vehumet.
  2423 | D:3      | Became a worshipper of Vehumet
  2587 | D:3      | Reached skill level 5 in Earth Magic
  2902 | D:3      | Noticed Sigmund
  2977 | D:3      | Killed Sigmund
  2977 | D:3      | Reached XP level 6. HP: 11/32 MP: 0/10
  3485 | D:3      | Found a glowing golden altar of the Shining One.
  3698 | D:3      | Killed an orc warrior
  3698 | D:3      | Reached XP level 7. HP: 20/36 MP: 0/12
  3972 | D:4      | Learned a level 5 spell: Lee's Rapid Deconstruction
  3988 | D:4      | Found a glowing golden altar of the Shining One.
  4042 | D:4      | Reached * piety under Vehumet
  4042 | D:4      | Offered knowledge of Shock by Vehumet.
  4228 | D:4      | Found a blossoming altar of Fedhas.
  4416 | D:3      | Found a glowing golden altar of the Shining One.
  4594 | D:3      | Killed Ijyb
  4911 | D:4      | Noticed a dream sheep
  4911 | D:4      | Noticed a dream sheep
  4911 | D:4      | Noticed a dream sheep
  4911 | D:4      | Noticed a dream sheep
  4911 | D:4      | Noticed a dream sheep
  4911 | D:4      | Found a shimmering altar of Xom.
  4915 | D:4      | Killed a dream sheep
  4915 | D:4      | Reached skill level 6 in Earth Magic
  4917 | D:4      | Killed a dream sheep
  4917 | D:4      | Killed a dream sheep
  4917 | D:4      | Killed a dream sheep
  4919 | D:4      | Killed a dream sheep
  5074 | D:5      | Entered Level 5 of the Dungeon
  5171 | D:4      | Reached skill level 1 in Shields
  5486 | D:5      | Reached XP level 8. HP: 33/41 MP: 0/14
  5713 | D:5      | Noticed a hippogriff
  5728 | D:5      | Killed a hippogriff
  5993 | D:5      | Reached skill level 7 in Earth Magic
  6216 | D:5      | Reached skill level 5 in Conjurations
  6224 | D:5      | Offered knowledge of Throw Flame by Vehumet.
  6406 | D:5      | Learned a level 4 spell: Petrify
  6426 | D:5      | Found a hide-covered altar of Uskayaw.
  6502 | D:5      | Found an iron altar of Okawaru.
  6560 | D:5      | Found a staircase to the Ecumenical Temple.
  6651 | D:5      | Reached skill level 5 in Spellcasting
  6881 | D:6      | Reached ** piety under Vehumet
  6893 | D:6      | Reached XP level 9. HP: 42/45 MP: 16/16
  7278 | D:6      | Found Yluoga's Antique Armour Boutique.
  7291 | D:6      | Bought a pair of runed gloves for 180 gold pieces
  7324 | D:6      | Found Faggigh's Armour Boutique.
  7341 | D:6      | Found a snail-covered altar of Cheibriados.
  7524 | D:6      | Found Suref's Armour Emporium.
  7734 | D:6      | Offered knowledge of Searing Ray by Vehumet.
  7734 | D:6      | Reached skill level 8 in Earth Magic
  8197 | D:7      | Reached *** piety under Vehumet
  8564 | D:7      | Offered knowledge of Fulminant Prism by Vehumet.
  8680 | D:7      | Found a shadowy altar of Dithmenos.
  8830 | D:7      | Found a sacrificial altar of Ru.
  9145 | D:7      | Reached skill level 9 in Earth Magic
  9257 | D:7      | Reached XP level 10. HP: 40/50 MP: 14/19
  9429 | D:7      | Noticed a two-headed ogre
  9434 | D:7      | Killed a two-headed ogre
  9434 | D:7      | Reached skill level 5 in Shields
  9724 | D:7      | Found a shimmering altar of Xom.
  9725 | D:7      | Reached skill level 10 in Earth Magic
  9794 | D:8      | Reached **** piety under Vehumet
  9799 | D:8      | Identified a scroll of acquirement
  9832 | D:8      | Found a flagged portal.
  9837 | Bailey   | Entered a bailey
  9837 | Bailey   | Noticed an orc knight
  9837 | Bailey   | Noticed an orc knight
  9848 | Bailey   | Gained mutation: Your mind is acute. (Int +2) [potion of
                  | mutation]
  9848 | Bailey   | Gained mutation: You are clumsy. (Dex -2) [potion of
                  | mutation]
  9848 | Bailey   | Gained mutation: You are covered in fur. (AC +1) [potion of
                  | mutation]
  9848 | Bailey   | Gained mutation: You have a pair of small antennae on your
                  | head. [potion of mutation]
  9848 | Bailey   | HP: 2/50 [orc knight/+0 halberd (12)]
  9849 | Bailey   | Mangled by an orc knight

Skill      XL: |  1  2  3  4  5  6  7  8  9 10 |
---------------+-------------------------------+-----
Earth Magic    | 4 5 6 7 9 10 | 10.0
Dodging        | 2 3 4 |  4.0
Armour         | 1 2 3 4 |  4.0
Conjurations   | 1 2 3 4 5 7 8 |  8.2
Spellcasting   | 3 4 5 6 |  6.0
Shields        | 1 2 4 5 |  5.0
Stealth        | |  2.3
Transmutations | |  0.7

Action                   |  1- 3 |  4- 6 |  7- 9 | 10-12 || total
-------------------------+-------+-------+-------+-------++-------
Melee: Unarmed           |     8 |    52 |       |       ||    60
       Dagger            |       |    39 |   453 |       ||   492
 Cast: Sandblast         |    30 |    18 |    17 |       ||    65
       Stone Arrow       |    10 |    27 |   101 |    34 ||   172
  Use: Scroll            |       |     6 |       |     5 ||    11
       Potion            |       |       |       |     2 ||     2
 Stab: Sleeping          |       |       |     6 |       ||     6
  Eat: Chunk             |     3 |    11 |    16 |     3 ||    33
       Ration            |       |       |     2 |       ||     2
Armor: Robe              |     4 |    57 |    90 |       ||   151
       Leather armour    |       |       |   158 |     7 ||   165
Dodge: Dodged            |     8 |    88 |   316 |     9 ||   421
Block: Buckler           |       |       |    10 |     2 ||    12
